[Event "Titled Tuesday Blitz February 28 Early 2023"]
[White "Mohammed, Zozek Salah Mohammed"]
[Black "Sailer, Mike"]
[WhiteFideId "4803361"]
[BlackFideId "2012901"]
[WhiteElo "2211"]
[BlackElo "2109"]
[Result "1-0"]
[Round "11"]
[TimeControl "180+2"]
[Date "2023.02.28"]
[WhiteClock "0:00:12"]
[BlackClock "0:00:01"]

1. d4 d5 2. Nf3 Bf5 3. g3 e6 4. Bg2 Nf6 5. O-O c6 6. c4 Nbd7 7. Nc3 Be7 8. Nd2 O-O 9. e4 dxe4 10. Ndxe4 Nxe4 11. Nxe4 Nf6 12. Nxf6+ Bxf6 13. Be3 Qa5 14. a3 Rfd8 15. b4 Qc7 16. Qd2 h6 17. Rfd1 Rd7 18. Bf4 Qd8 19. Be3 Bg4 20. f3 Bf5 21. Qf2 e5 22. g4 Bg6 23. d5 cxd5 24. cxd5 Rxd5 25. Rxd5 Qxd5 26. f4 Be4 27. fxe5 Bxe5 28. Re1 Bxg2 29. Qxg2 Qxg2+ 30. Kxg2 Bb2 31. a4 Re8 32. Kf3 a6 33. Rd1 Re7 34. Bc5 Rc7 35. a5 f6 36. Ke4 Kf7 37. h4 Be5 38. Rd8 Bg3 39. h5 Ke6 40. Rg8 Rf7 41. Bf8 Be1 42. Bc5 Kd7 43. Kd5 f5 44. Rb8 fxg4 45. Rxb7+ Ke8 46. Rb8+ Kd7 47. Rb7+ Ke8 48. Rb6 Rd7+ 49. Ke6 Rd8 50. Rb7 1-0


[Site "https://www.chess.com"]

[Event "Titled Tuesday Blitz February 28 Early 2023"]
[White "Fabris, Alberto"]
[Black "Golubev, Mikhail"]
[WhiteFideId "801348"]
[BlackFideId "14100983"]
[WhiteElo "2153"]
[BlackElo "2374"]
[Result "0-1"]
[Round "11"]
[TimeControl "180+2"]
[Date "2023.02.28"]
[WhiteClock "0:00:01"]
[BlackClock "0:00:02"]

1. e4 c5 2. Nf3 d6 3. Bb5+ Nd7 4. d4 Nf6 5. Nc3 cxd4 6. Qxd4 g6 7. O-O Bg7 8. Nd5 O-O 9. c4 Nxd5 10. Qxd5 Nb6 11. Qd1 a6 12. Ba4 Nxc4 13. Qc2 b5 14. Bb3 Bb7 15. Bxc4 bxc4 16. Qxc4 a5 17. Re1 Rc8 18. Qe2 Qb6 19. Rb1 Ba6 20. Qd1 Rc7 21. Be3 Qb7 22. Bd4 Bxd4 23. Nxd4 Rfc8 24. Qf3 Qb4 25. Red1 Rc4 26. a3 Qc5 27. Nb3 Qb6 28. Nd2 Rc2 29. b4 a4 30. Qf4 f6 31. h4 R8c3 32. Nf1 Rxa3 33. Ne3 Rxe3 34. fxe3 Bc4 35. Rdc1 Rxc1+ 36. Rxc1 Bb3 37. Rc8+ Kf7 38. Qf2 a3 39. Qd2 a2 40. Qb2 Be6 41. Rc3 Qa6 42. Qa1 Qb7 43. e5 dxe5 44. Kf2 Qxb4 45. Rc2 Qb3 46. Re2 Qd3 47. Qb2 Qf5+ 0-1


[Site "https://www.chess.com"]

[Event "Titled Tuesday Blitz February 28 Early 2023"]
[White "Sharapov, Evgeny"]
[Black "Prudnykova, Olga"]
[WhiteFideId "14103133"]
[BlackFideId "14121093"]
[WhiteElo "2367"]
[BlackElo "2174"]
[Result "0-1"]
[Round "11"]
[TimeControl "180+2"]
[Date "2023.02.28"]
[WhiteClock "0:00:13"]
[BlackClock "0:00:13"]

1. e4 c5 2. Nf3 Nf6 3. Nc3 e6 4. d4 cxd4 5. Nxd4 Nc6 6. Ndb5 Bc5 7. Bf4 O-O 8. Bc7 Qe7 9. Bd6 Bxd6 10. Qxd6 Qd8 11. Bd3 a6 12. Nd4 Ne7 13. O-O-O b5 14. g4 Bb7 15. g5 Ne8 16. Qg3 b4 17. Nce2 Qa5 18. Kb1 Nc7 19. h4 Nb5 20. Nb3 Qb6 21. h5 a5 22. g6 fxg6 23. hxg6 h6 24. Rh5 d5 25. Rdh1 a4 26. Nbc1 a3 27. b3 Nc3+ 28. Nxc3 bxc3 29. Rxh6 gxh6 30. Qh4 Qd4 31. Qxe7 Qg7 32. Qxe6+ Kh8 33. exd5 Rae8 34. Qh3 Bxd5 35. Qxh6+ Qxh6 36. Rxh6+ Kg7 37. Rh7+ Kf6 38. Rd7 Be6 39. Rd4 Bf5 40. Bxf5 Kxf5 41. g7 Rg8 42. Rc4 Rxg7 43. Rxc3 Re1 44. b4 Rgg1 45. Rxa3 Rxc1+ 46. Kb2 Rb1+ 47. Kc3 Rgf1 48. Ra5+ Ke4 49. a4 Rxf2 50. Rc5 Rf3+ 51. Kc4 Ra3 52. a5 Ra4 53. c3 Ra3 54. Kb5 Kd3 55. a6 Rba1 56. Rc6 Ke4 57. c4 Kd4 58. Rd6+ Ke5 59. c5 Rb1 60. Rh6 Rab3 61. Rh5+ Kf6 62. Rh4 Ra3 63. Rc4 Rba1 64. c6 Rxa6 65. c7 Ra8 66. c8=Q Rxc8 67. Rxc8 Ke6 68. Rd8 Ke7 69. Rd2 Ra7 70. Kb6 Ra4 71. b5 Ra3 72. Kb7 Ke6 73. b6 Ra2 74. Kb8 Rxd2 75. b7 Kd7 76. Ka7 Ra2+ 77. Kb6 Rb2+ 0-1


[Site "https://www.chess.com"]

[Event "Titled Tuesday Blitz February 28 Early 2023"]
[White "Fawzy, Adham"]
[Black "Estrada Nieto, Julian"]
[WhiteFideId "10613129"]
[BlackFideId "5101018"]
[WhiteElo "2543"]
[BlackElo "2176"]
[Result "1-0"]
[Round "11"]
[TimeControl "180+2"]
[Date "2023.02.28"]
[WhiteClock "0:00:10"]
[BlackClock "0:00:02"]

1. e4 e5 2. Nf3 Nc6 3. Bb5 a6 4. Ba4 Nf6 5. O-O Be7 6. Re1 b5 7. Bb3 d6 8. c3 O-O 9. h3 Bb7 10. d4 Re8 11. Ng5 Rf8 12. Nf3 h6 13. Nbd2 Re8 14. Nf1 Bf8 15. Ng3 Na5 16. Bc2 c5 17. d5 Nc4 18. b3 Nb6 19. a4 bxa4 20. bxa4 Nc4 21. Bd3 Na5 22. Nh2 Bc8 23. f4 Rb8 24. Bc2 c4 25. Nh5 Nb3 26. Rb1 Nxh5 27. Qxh5 Bd7 28. Be3 Bxa4 29. f5 Nc5 30. Rxb8 Qxb8 31. Bxa4 Nxa4 32. Ng4 Qd8 33. f6 Nc5 34. fxg7 Bxg7 35. Bxh6 Nd7 36. Bg5 f6 37. Qg6 Nf8 38. Nh6+ Kh8 39. Nf7+ Kg8 40. Nh6+ Kh8 41. Qh5 fxg5 42. Nf7+ Kg8 43. Nxd8 Rxd8 44. Qxg5 Rd7 45. Rf1 Rb7 46. Qf5 a5 47. Qc8 1-0


[Site "https://www.chess.com"]

[Event "Titled Tuesday Blitz February 28 Early 2023"]
[White "Sovetbekova, Nurai"]
[Black "Chernov, Mikhail"]
[WhiteFideId "13801910"]
[BlackFideId "24143170"]
[WhiteElo "1857"]
[BlackElo "2113"]
[Result "0-1"]
[Round "11"]
[TimeControl "180+2"]
[Date "2023.02.28"]
[WhiteClock "0:00:13"]
[BlackClock "0:00:21"]

1. d4 d5 2. c4 Nc6 3. Nc3 Nf6 4. cxd5 Nxd5 5. e4 Nxc3 6. bxc3 e5 7. d5 Nb8 8. Nf3 Bg4 9. Qb3 Bxf3 10. gxf3 Qc8 11. Bb5+ Nd7 12. Bxd7+ Kxd7 13. Qb5+ Kd8 14. Be3 Bd6 15. Rg1 a6 16. Qb2 Rg8 17. c4 b6 18. Rc1 Qd7 19. c5 bxc5 20. Bxc5 Ke7 21. Qxe5+ Kf8 22. Qd4 Re8 23. Kd2 f6 24. Bxd6+ cxd6 25. Rc6 Kf7 26. Rgc1 Re7 27. Qb4 Rd8 28. Rxa6 Kg8 29. Rac6 Qa7 30. Ke1 Rb7 31. Qd2 Re8 32. Rc8 Re7 33. Rxe8+ Rxe8 34. Qc2 Qa3 35. Qb3 Qxc1+ 0-1


[Site "https://www.chess.com"]

[Event "Titled Tuesday Blitz February 28 Early 2023"]
[White "Kornyukov, Alexey"]
[Black "Shubenkova, Veronika"]
[WhiteFideId "4150457"]
[BlackFideId "44124040"]
[WhiteElo "2352"]
[BlackElo "2027"]
[Result "0-1"]
[Round "11"]
[TimeControl "180+2"]
[Date "2023.02.28"]
[WhiteClock "0:01:25"]
[BlackClock "0:02:42"]

1. e4 c6 2. d4 d5 3. f3 dxe4 4. fxe4 e6 5. Nf3 Nf6 6. Nc3 Bb4 7. Bg5 Qa5 8. Bxf6 Bxc3+ 9. bxc3 Qxc3+ 10. Nd2 gxf6 11. Bd3 Qxd4 12. Nf3 Qe3+ 13. Qe2 Qxe2+ 14. Bxe2 e5 15. O-O-O Be6 16. Kb2 Nd7 17. c4 Ke7 18. Rhf1 Rhg8 19. g3 Rad8 20. Nh4 Nb6 21. Kc3 Na4+ 22. Kb4 Nb6 23. Rxd8 Rxd8 24. c5 Rd4+ 25. Kc3 Na4+ 26. Kc2 Nxc5 27. Nf5+ Bxf5 0-1


[Site "https://www.chess.com"]

[Event "Titled Tuesday Blitz February 28 Early 2023"]
[White "Kaufman, Raymond"]
[Black "Rian, Kapriaga"]
[WhiteFideId "2015056"]
[BlackFideId "7103263"]
[WhiteElo "2321"]
[BlackElo "2375"]
[Result "1-0"]
[Round "11"]
[TimeControl "180+2"]
[Date "2023.02.28"]
[WhiteClock "0:00:21"]
[BlackClock "0:00:01"]

1. d4 Nf6 2. c4 e6 3. Nf3 d5 4. Nc3 Be7 5. g3 O-O 6. Bg2 c6 7. O-O Nbd7 8. Qd3 b6 9. Rd1 Ba6 10. b3 Rc8 11. e4 dxe4 12. Nxe4 c5 13. Bb2 cxd4 14. Qxd4 Bb7 15. Nfg5 Bxe4 16. Nxe4 Qc7 17. Nd6 Bxd6 18. Qxd6 a5 19. Qxc7 Rxc7 20. Rd6 Rb8 21. Rad1 Kf8 22. Bc6 Nc5 23. Ba3 Ke7 24. Bb5 h5 25. h3 Nfe4 26. Rd7+ Rxd7 27. Rxd7+ Kf6 28. Rd1 e5 29. Bb2 Ke6 30. Bc6 f5 31. Bd5+ Kf6 32. f4 Re8 33. fxe5+ Kg6 34. Kh2 h4 35. gxh4 Rh8 36. Rg1+ Kh7 37. e6 g6 38. Bxh8 1-0


[Site "https://www.chess.com"]

[Event "Titled Tuesday Blitz February 28 Early 2023"]
[White "Carrasco Miranda, Andres"]
[Black "Chemin, Justo Reinaldo"]
[WhiteFideId "3405990"]
[BlackFideId "2101580"]
[WhiteElo "2183"]
[BlackElo "1940"]
[Result "1-0"]
[Round "11"]
[TimeControl "180+2"]
[Date "2023.02.28"]
[WhiteClock "0:00:52"]
[BlackClock "0:00:08"]

1. d4 d5 2. c4 dxc4 3. e4 Nf6 4. e5 Nd5 5. Bxc4 Nb6 6. Bb3 Nc6 7. Ne2 Bg4 8. f3 Bh5 9. Nbc3 e6 10. Be3 Na5 11. Nf4 Bg6 12. O-O Qd7 13. d5 Nac4 14. Bxb6 Nxb6 15. dxe6 Qc6 16. exf7+ Bxf7 17. Bxf7+ Kxf7 18. Ne4 Be7 19. Rc1 Qb5 20. Rxc7 Qxe5 21. Qb3+ Ke8 22. Qe6 Qxc7 23. Nh5 1-0


[Site "https://www.chess.com"]

[Event "Titled Tuesday Blitz February 28 Early 2023"]
[White "Miszler, Levente"]
[Black "Tarasova, Viktoriya"]
[WhiteFideId "763276"]
[BlackFideId "4175840"]
[WhiteElo "2176"]
[BlackElo "2182"]
[Result "1-0"]
[Round "11"]
[TimeControl "180+2"]
[Date "2023.02.28"]
[WhiteClock "0:01:46"]
[BlackClock "0:00:51"]

1. Nf3 Nf6 2. c4 e6 3. g3 b6 4. Bg2 Bb7 5. O-O c5 6. Nc3 Be7 7. d4 cxd4 8. Qxd4 Nc6 9. Qd2 O-O 10. b3 d6 11. Bb2 a6 12. Rfd1 Qc7 13. Rac1 Qb8 14. Ng5 h6 15. Nge4 Rd8 16. Nxf6+ Bxf6 17. Ne4 Bxb2 18. Qxb2 Qc7 19. Rd2 f5 20. Nc3 Qe7 21. Rcd1 Rd7 22. e4 f4 23. gxf4 Rf8 24. e5 Rxf4 25. exd6 Qg5 26. Ne2 Ne5 27. Nxf4 Qxf4 28. Bxb7 Rxb7 29. Qxe5 Qxe5 30. d7 Rxd7 31. Rxd7 Qg5+ 32. Kf1 Qh5 33. R1d3 Qxh2 34. Rg3 Qh1+ 35. Ke2 Qe4+ 36. Kd2 Qf4+ 37. Ke2 g5 38. Rf3 Qe4+ 39. Re3 Qc2+ 40. Kf1 Qb1+ 41. Kg2 Qf5 42. Red3 Qg4+ 43. Kh2 Qf4+ 44. Kg2 Qe4+ 45. Kg1 Qe1+ 46. Kg2 Qe4+ 47. Kh2 Qf4+ 48. Kg1 h5 49. Rb7 Qg4+ 50. Kf1 1-0


[Site "https://www.chess.com"]

[Event "Titled Tuesday Blitz February 28 Early 2023"]
[White "Coelho, Ramyres Santana"]
[Black "Jiganchine, Roman"]
[WhiteFideId "2120690"]
[BlackFideId "2603667"]
[WhiteElo "1888"]
[BlackElo "2290"]
[Result "0-1"]
[Round "11"]
[TimeControl "180+2"]
[Date "2023.02.28"]
[WhiteClock "0:02:00"]
[BlackClock "0:01:19"]

1. e4 c6 2. d4 d5 3. Nc3 dxe4 4. Nxe4 Nf6 5. Nxf6+ exf6 6. Nf3 Bd6 7. Be3 O-O 8. Qd2 Re8 9. O-O-O Bg4 10. Bd3 a5 11. h3 Bh5 12. g4 Bg6 13. Bxg6 hxg6 14. g5 Na6 15. gxf6 Qxf6 16. Ng5 Nb4 17. Kb1 Nd5 18. h4 a4 19. c4 Qf5+ 20. Ka1 Nb4 21. Rc1 a3 22. b3 c5 23. dxc5 Be5+ 24. Bd4 Rad8 25. Nf3 Qxf3 26. Qxb4 Bxd4+ 27. Kb1 Qe4+ 28. Rc2 Qxh1+ 29. Rc1 Qe4+ 30. Rc2 Qe1+ 31. Rc1 Qxb4 0-1


[Site "https://www.chess.com"]

[Event "Titled Tuesday Blitz February 28 Early 2023"]
[White "Kohler, Aran"]
[Black "Mirzanurov, Bulat"]
[WhiteFideId "1002856"]
[BlackFideId "4184521"]
[WhiteElo "2236"]
[BlackElo "2019"]
[Result "1/2-1/2"]
[Round "11"]
[TimeControl "180+2"]
[Date "2023.02.28"]
[WhiteClock "0:00:20"]
[BlackClock "0:00:17"]

1. e4 c5 2. Nf3 d6 3. d4 cxd4 4. Nxd4 Nf6 5. f3 e5 6. Nb3 Be6 7. Nc3 Be7 8. Be3 Nc6 9. Qd2 d5 10. exd5 Nxd5 11. Nxd5 Bxd5 12. O-O-O Be6 13. Qxd8+ Rxd8 14. Rxd8+ Kxd8 15. Bb5 Kc7 16. Rd1 f6 17. c3 a6 18. Be2 Ra8 19. Kc2 b6 20. a4 a5 21. f4 Rb8 22. fxe5 Nxe5 23. Nd4 Bd7 24. b3 Bc5 25. Bf4 g5 26. Bxe5+ fxe5 27. Nf3 e4 28. Nxg5 Bf5 29. g4 Bg6 30. h4 h6 31. Ne6+ Kb7 32. Nxc5+ bxc5 33. Rd6 Be8 34. Rxh6 Bc6 35. Rh7+ Kb6 36. Kd2 Rf8 37. Ke3 c4 38. bxc4 Bxa4 39. h5 Kc5 40. h6 Bc6 41. Ra7 a4 42. h7 Rh8 43. g5 Be8 44. Kxe4 Bg6+ 45. Kf4 Rxh7 46. Rxa4 Re7 47. Bf3 Rf7+ 48. Kg4 Bd3 49. Bd5 Re7 50. Ra5+ Kb6 51. Rb5+ Kc7 52. Rc5+ Kd6 53. Rc6+ Ke5 54. Rf6 Rg7 55. Rf4 Be2+ 56. Bf3 Bd3 57. Rd4 Bf5+ 58. Kg3 Rxg5+ 59. Bg4 Rxg4+ 60. Rxg4 Bxg4 61. Kxg4 Kd6 62. Kf4 Kc5 63. Ke3 Kxc4 64. Kd2 Kc5 65. Kd3 Kd5 66. c4+ Kc5 67. Kc3 Kc6 68. Kb4 Kb6 69. c5+ Kc6 70. Kc4 Kc7 71. Kd5 Kd7 72. c6+ Kc7 73. Kc5 Kc8 74. Kd4 Kc7 75. Kd5 Kc8 76. Kd6 Kd8 77. c7+ Kc8 78. Kc6 1/2-1/2


[Site "https://www.chess.com"]

[Event "Titled Tuesday Blitz February 28 Early 2023"]
[White "Vaglio Munoz, Jaime"]
[Black "Simonovic, Miroslav"]
[WhiteFideId "6500145"]
[BlackFideId "919152"]
[WhiteElo "2199"]
[BlackElo "2057"]
[Result "1/2-1/2"]
[Round "11"]
[TimeControl "180+2"]
[Date "2023.02.28"]
[WhiteClock "0:00:39"]
[BlackClock "0:00:05"]

1. e4 c5 2. a3 a5 3. Nc3 Nc6 4. Nf3 e5 5. Bc4 g6 6. h4 h6 7. h5 g5 8. Nh2 d6 9. g4 Be6 10. d3 Bg7 11. Nf1 Nge7 12. Ng3 d5 13. exd5 Nxd5 14. Qf3 Nd4 15. Qd1 Qd7 16. f3 O-O 17. Nce4 Rfc8 18. c3 b5 19. cxd4 bxc4 20. dxc5 cxd3 21. Qxd3 Rd8 22. Nd6 Nf4 23. Bxf4 exf4 24. Ngf5 Bxf5 25. gxf5 Be5 26. Rd1 Bxb2 27. O-O Be5 28. Rfe1 Bxd6 29. cxd6 Re8 30. Re4 Rad8 31. f6 Re6 32. Rde1 Rxd6 33. Qb3 Rf8 34. Re7 Qh3 35. Qc2 Rxf6 36. Qb2 Qg3+ 37. Qg2 Qxg2+ 38. Kxg2 Re6 39. R7xe6 fxe6 40. Rxe6 Kg7 41. Rg6+ Kh7 42. Ra6 Rf5 43. Ra7+ Kg8 44. Kh3 Rb5 45. Kg4 Kf8 46. a4 Rb4 47. Rxa5 Rb6 48. Ra7 Ke8 49. a5 Rf6 50. Rb7 Kd8 51. Rb6 Rxb6 52. axb6 Kc8 53. Kf5 Kb7 54. Kg6 g4 55. fxg4 f3 56. Kxh6 f2 57. g5 f1=Q 58. g6 Qf8+ 59. Kh7 Qc5 60. h6 Qe7+ 61. g7 Qe4+ 62. Kh8 Qg6 63. h7 Qf6 64. Kg8 Qe6+ 65. Kf8 Qf6+ 66. Kg8 Qe6+ 67. Kh8 Qf6 68. Kg8 1/2-1/2


[Site "https://www.chess.com"]

[Event "Titled Tuesday Blitz February 28 Early 2023"]
[White "Hon, Eric"]
[Black "Kostiukov, Alexandr"]
[WhiteFideId "2097117"]
[BlackFideId "14108100"]
[WhiteElo "1918"]
[BlackElo "2202"]
[Result "1/2-1/2"]
[Round "11"]
[TimeControl "180+2"]
[Date "2023.02.28"]
[WhiteClock "0:00:30"]
[BlackClock "0:00:12"]

1. e4 c5 2. Nf3 g6 3. d4 cxd4 4. Nxd4 Nf6 5. Nc3 Nc6 6. Be2 Bg7 7. Be3 O-O 8. O-O d5 9. exd5 Nb4 10. Bf3 Nfxd5 11. Nxd5 Nxd5 12. Bxd5 Qxd5 13. c3 e5 14. Nb3 Qc6 15. Qd2 Be6 16. Rfd1 b6 17. Qd6 Rac8 18. Qxc6 Rxc6 19. Rd2 f5 20. f3 Bf6 21. Rad1 Kf7 22. f4 Re8 23. fxe5 Bxb3 24. axb3 Bxe5 25. Rd7+ Re7 26. Rxe7+ Kxe7 27. Bd4 Bxd4+ 28. Rxd4 Rd6 29. Ra4 a5 30. b4 axb4 31. Rxb4 Kd7 32. h3 Kc6 33. Kf2 Rd2+ 34. Kf3 Kc5 35. g4 Rd3+ 36. Kg2 fxg4 37. hxg4 b5 38. Kf2 h5 39. gxh5 gxh5 40. Ke2 Rh3 41. Kf2 Rh2+ 42. Kg3 Rh1 43. Kf4 Rg1 44. Kf3 Rg4 45. Rxg4 hxg4+ 46. Kxg4 Kc4 47. Kf4 Kb3 48. Ke4 Kxb2 49. Kd4 Kb3 50. Kd3 Kb2 51. Kd4 Kb3 52. Kd3 Kb2 53. Kd4 1/2-1/2


[Site "https://www.chess.com"]

[Event "Titled Tuesday Blitz February 28 Early 2023"]
[White "Fernandez Hernandez, Gerardo"]
[Black "Gatterer, Florian"]
[WhiteFideId "2207400"]
[BlackFideId "811688"]
[WhiteElo "2204"]
[BlackElo "2221"]
[Result "1/2-1/2"]
[Round "11"]
[TimeControl "180+2"]
[Date "2023.02.28"]
[WhiteClock "0:02:58"]
[BlackClock "0:02:50"]

1. e4 c5 2. d3 Nc6 3. g3 g6 4. Bg2 Bg7 5. f4 e6 6. Nf3 Nge7 7. O-O O-O 8. c3 b6 9. Be3 d5 10. e5 Ba6 1/2-1/2


[Site "https://www.chess.com"]

[Event "Titled Tuesday Blitz February 28 Early 2023"]
[White "Curtis, John"]
[Black "Manon-og, Ramon Jr."]
[WhiteFideId "3200256"]
[BlackFideId "5200776"]
[WhiteElo "2203"]
[BlackElo "2325"]
[Result "0-1"]
[Round "11"]
[TimeControl "180+2"]
[Date "2023.02.28"]
[WhiteClock "0:00:38"]
[BlackClock "0:00:52"]

1. e4 c5 2. Nf3 d6 3. d4 cxd4 4. Nxd4 Nf6 5. Nc3 a6 6. Bg5 e6 7. Bc4 Be7 8. f4 O-O 9. f5 e5 10. Bxf6 Bxf6 11. Nde2 Nd7 12. Nd5 Nb6 13. Nxb6 Qxb6 14. Bb3 Bd7 15. Nc3 Bc6 16. Nd5 Bxd5 17. Qxd5 Qe3+ 18. Kf1 Bh4 19. g3 Qf3+ 20. Kg1 Bg5 21. Re1 Be3+ 22. Rxe3 Qxe3+ 23. Kg2 h5 24. Rf1 h4 25. gxh4 Qe2+ 26. Rf2 Qg4+ 27. Kf1 Rac8 28. f6 g6 29. Rg2 Qf3+ 30. Kg1 Qe3+ 31. Kf1 Qf4+ 32. Rf2 Qxh4 33. Qxb7 d5 34. Bxd5 Qh3+ 35. Ke2 Rxc2+ 36. Ke1 0-1


[Site "https://www.chess.com"]

[Event "Titled Tuesday Blitz February 28 Early 2023"]
[White "Piriflillo"]
[Black "Winkels, Marcel"]
[BlackFideId "1003887"]
[WhiteElo "2323"]
[BlackElo "1900"]
[Result "1-0"]
[Round "11"]
[TimeControl "180+2"]
[Date "2023.02.28"]
[WhiteClock "0:00:03"]
[BlackClock "0:00:03"]

1. d4 Nf6 2. c4 g6 3. g3 c6 4. Bg2 d5 5. cxd5 cxd5 6. Nc3 Bg7 7. Bg5 e6 8. Nf3 h6 9. Bf4 O-O 10. O-O Nc6 11. Ne5 Nxe5 12. Bxe5 b6 13. Rc1 Ba6 14. Qa4 Bb7 15. Nb5 a6 16. Nd6 Bc8 17. Nxc8 Rxc8 18. Qxa6 Ra8 19. Qb7 Rxa2 20. Bc7 Qa8 21. Qxb6 Nd7 22. Qb4 Rc8 23. e3 Bf8 24. Bd6 Rxc1 25. Rxc1 Ra1 26. Rxa1 Qxa1+ 27. Bf1 Bxd6 28. Qxd6 Nf6 29. b4 Ne4 30. Qa6 Qb2 31. Qe2 Qxb4 32. h4 h5 33. Bg2 Qb1+ 34. Kh2 Nf6 35. f3 Kg7 36. e4 dxe4 37. fxe4 Ng4+ 38. Kh3 Qb4 39. d5 exd5 40. exd5 Qd6 41. Bf3 Nf6 42. Qd3 Qd7+ 43. Kg2 Qd6 44. Qd4 Kh6 45. Qc4 Kg7 46. Qc6 Qe5 47. d6 Qb2+ 48. Kh3 Qd2 49. Qc5 Kh6 50. Qe5 Kg7 51. Bc6 Qd3 52. d7 Qf1+ 53. Kh2 Qf2+ 54. Bg2 1-0


[Site "https://www.chess.com"]

[Event "Titled Tuesday Blitz February 28 Early 2023"]
[White "Korpics, Zsolt"]
[Black "Bongo Akanga Ndjila, Barthelemy"]
[WhiteFideId "705241"]
[BlackFideId "10609431"]
[WhiteElo "2315"]
[BlackElo "1768"]
[Result "1-0"]
[Round "11"]
[TimeControl "180+2"]
[Date "2023.02.28"]
[WhiteClock "0:00:49"]
[BlackClock "0:00:27"]

1. e4 e6 2. d4 d5 3. Nc3 Nf6 4. Bg5 Be7 5. e5 Nfd7 6. Bxe7 Qxe7 7. f4 c5 8. Nb5 O-O 9. Nc7 cxd4 10. Nxa8 Qb4+ 11. Qd2 Qxb2 12. Rd1 Nc6 13. Nf3 Nc5 14. Nxd4 Ne4 15. Qe3 Qb4+ 16. c3 Nxc3 17. Nxc6 Nxd1+ 18. Nxb4 Nxe3 19. Nc7 Bd7 20. Bb5 Rc8 21. Bxd7 Rxc7 22. Kf2 Ng4+ 23. Kg3 Nh6 24. Bb5 a6 25. Be2 a5 26. Nd3 Rc3 27. Rc1 Nf5+ 28. Kf2 d4 29. g4 Ne7 30. Ke1 Nd5 31. Kd2 b5 32. Bf3 b4 33. Bxd5 exd5 34. Rxc3 dxc3+ 35. Kc2 d4 36. Kb3 Kf8 37. Ka4 Ke7 38. Kxa5 Ke6 39. Kxb4 Kd5 40. a4 Ke4 41. Kc4 Ke3 42. a5 c2 43. a6 Kd2 44. a7 c1=Q+ 45. Nxc1 Kxc1 46. Kxd4 1-0


[Site "https://www.chess.com"]

[Event "Titled Tuesday Blitz February 28 Early 2023"]
[White "Wilson, Elvin"]
[Black "Pissama Ntsaou, Martial"]
[WhiteFideId "2014874"]
[BlackFideId "17400864"]
[WhiteElo "2301"]
[BlackElo "2057"]
[Result "0-1"]
[Round "11"]
[TimeControl "180+2"]
[Date "2023.02.28"]
[WhiteClock "0:00:07"]
[BlackClock "0:00:08"]

1. c4 c6 2. g3 d5 3. Nf3 Nf6 4. Bg2 e6 5. O-O g6 6. b3 Bg7 7. Bb2 O-O 8. d3 Nbd7 9. Nbd2 b6 10. e4 dxe4 11. dxe4 Bb7 12. e5 Ng4 13. Qe2 Qc7 14. Rfe1 h5 15. h3 Nh6 16. Qe3 Nf5 17. Qf4 Bh6 18. Ng5 c5 19. Bxb7 Qxb7 20. Nde4 Kg7 21. Rad1 Rad8 22. Nd6 Nxd6 23. exd6+ Kg8 24. g4 hxg4 25. Qxg4 e5 26. Qh4 Bxg5 27. Qxg5 Rde8 28. Re3 Kg7 29. h4 f6 30. Qg3 Rh8 31. Rd5 Rh5 32. f4 exf4 33. Qxf4 Rxe3 34. Qxe3 Rxh4 35. Qe7+ Kh6 36. Bc1+ g5 37. Qf7 Rg4+ 38. Kf1 a5 39. Rd3 Qh1+ 40. Ke2 Rg2+ 41. Ke3 Qh3+ 42. Ke4 Rg4+ 43. Kf5 Rf4# 0-1


[Site "https://www.chess.com"]

[Event "Titled Tuesday Blitz February 28 Early 2023"]
[White "Flis, Pawel"]
[Black "Einarsson, Halldor Gretar"]
[WhiteFideId "1112864"]
[BlackFideId "2300150"]
[WhiteElo "1822"]
[BlackElo "2126"]
[Result "0-1"]
[Round "11"]
[TimeControl "180+2"]
[Date "2023.02.28"]
[WhiteClock "0:00:06"]
[BlackClock "0:00:15"]

1. e4 c5 2. Nf3 Nc6 3. d4 cxd4 4. Nxd4 Nf6 5. Nc3 e5 6. Ndb5 d6 7. Bg5 a6 8. Na3 b5 9. Nd5 Be7 10. Bxf6 Bxf6 11. c3 Bg5 12. Nc2 O-O 13. a4 bxa4 14. Rxa4 a5 15. Nce3 Be6 16. Bc4 Rb8 17. b3 Kh8 18. O-O g6 19. Qd3 f5 20. exf5 gxf5 21. Bb5 e4 22. Qe2 Ne5 23. c4 Nd3 24. g3 Ne5 25. Kg2 f4 26. Nxf4 Bxf4 27. gxf4 Rxf4 28. Kh1 Nf3 29. Ng2 Rh4 30. Qb2+ Kg8 31. Nxh4 Qxh4 32. Rg1+ Nxg1 33. Kxg1 Bh3 0-1


[Site "https://www.chess.com"]

[Event "Titled Tuesday Blitz February 28 Early 2023"]
[White "Vargas, Mauricio"]
[Black "Ciuffoletti, Paolo"]
[WhiteFideId "4404572"]
[BlackFideId "807630"]
[WhiteElo "2025"]
[BlackElo "2143"]
[Result "1-0"]
[Round "11"]
[TimeControl "180+2"]
[Date "2023.02.28"]
[WhiteClock "0:00:04"]
[BlackClock "0:00:01"]

1. e4 c5 2. Nc3 Nc6 3. f4 g6 4. Nf3 Bg7 5. Nd5 e6 6. Ne3 Nge7 7. c3 d5 8. e5 d4 9. Ng4 Nd5 10. g3 h5 11. Nf2 h4 12. Bg2 hxg3 13. hxg3 Rxh1+ 14. Bxh1 Qb6 15. c4 Nc7 16. d3 Bd7 17. Ne4 O-O-O 18. Nd6+ Kb8 19. Nxf7 Rf8 20. Nd6 Ne8 21. Ne4 Rh8 22. Bg2 Ne7 23. Qb3 Qc7 24. Bd2 Bc6 25. Nfg5 Bxe4 26. Bxe4 Nc6 27. Nxe6 Qc8 28. Nxg7 Nxg7 29. O-O-O Nf5 30. g4 Ne3 31. Bxe3 dxe3 32. Re1 Ka8 33. Qb5 Nd8 34. Rxe3 Qxg4 35. Qxc5 Rh2 36. Re1 Qxf4+ 37. Kb1 Qg4 38. Bf3 1-0


[Site "https://www.chess.com"]

[Event "Titled Tuesday Blitz February 28 Early 2023"]
[White "Qashashvili, Alexandre"]
[Black "Jesusesmifuerza"]
[WhiteFideId "13600842"]
[WhiteElo "2405"]
[BlackElo "2027"]
[Result "1/2-1/2"]
[Round "11"]
[TimeControl "180+2"]
[Date "2023.02.28"]
[WhiteClock "0:02:36"]
[BlackClock "0:02:06"]

1. e4 c5 2. Nc3 e6 3. Nf3 Nc6 4. d4 cxd4 5. Nxd4 Nf6 6. Nxc6 bxc6 7. Bd3 d5 8. exd5 cxd5 9. O-O Be7 10. Bg5 O-O 11. h3 h6 12. Bh4 Bb7 13. Re1 a6 14. a3 Qc7 15. Ne2 e5 16. c3 Nh5 17. Bxe7 Qxe7 18. Nd4 Nf4 19. Nf5 Qg5 1/2-1/2


[Site "https://www.chess.com"]

[Event "Titled Tuesday Blitz February 28 Early 2023"]
[White "mohsengabr2002"]
[Black "Kiseljova, Marya"]
[BlackFideId "4155009"]
[WhiteElo "2387"]
[BlackElo "1807"]
[Result "1-0"]
[Round "11"]
[TimeControl "180+2"]
[Date "2023.02.28"]
[WhiteClock "0:01:29"]
[BlackClock "0:00:01"]

1. e4 c5 2. Nf3 Nc6 3. d4 cxd4 4. Nxd4 g6 5. Be3 Bg7 6. Nc3 Nf6 7. Bc4 O-O 8. f3 Qb6 9. Bb3 Nxe4 10. Nd5 Qa5+ 11. c3 Nxd4 12. Nxe7+ Kh8 13. Bxd4 Nxc3 14. Bxg7+ Kxg7 15. Qd4+ f6 16. Qxc3 Qxc3+ 17. bxc3 Re8 18. O-O-O Rxe7 19. Rd6 a5 20. Rhd1 b5 21. R1d5 b4 22. Rd3 a4 23. Bc4 Rb8 24. Kc2 h6 25. Rd2 g5 26. cxb4 Rxb4 27. Kc3 Rb1 28. Bd3 Rg1 29. Bb5 Rc1+ 30. Kb2 Rc7 31. Bxa4 h5 32. Bb5 Rb7 33. a4 Re5 34. Kc3 Rc5+ 35. Kb4 Rcc7 36. a5 Ra7 37. a6 Kf7 38. Ka5 Ke7 39. Kb6 h4 40. g3 hxg3 41. hxg3 f5 42. f4 gxf4 43. gxf4 Kd8 44. Rf6 Ke7 45. Rxf5 d6 46. Rh5 Be6 47. Rh7+ Bf7 48. Rh6 Be6 49. Re2 d5 50. Rexe6+ Kf7 51. Rd6 d4 52. Rh7+ Kg8 53. Rxc7 1-0


[Site "https://www.chess.com"]

[Event "Titled Tuesday Blitz February 28 Early 2023"]
[White "Tsyhanchuk, Stanislav"]
[Black "lisjakzlatko1"]
[WhiteFideId "13505130"]
[WhiteElo "2173"]
[BlackElo "2156"]
[Result "1-0"]
[Round "11"]
[TimeControl "180+2"]
[Date "2023.02.28"]
[WhiteClock "0:00:22"]
[BlackClock "0:00:01"]

1. c4 e5 2. Nc3 d6 3. g3 f5 4. Bg2 Nf6 5. e3 Be7 6. d4 Nbd7 7. Nge2 O-O 8. O-O c6 9. Rb1 a5 10. a3 Qe8 11. b4 axb4 12. axb4 Qh5 13. b5 g5 14. f4 Kh8 15. fxg5 Qxg5 16. e4 f4 17. gxf4 Qg7 18. Rf3 Nh5 19. f5 Rg8 20. Ng3 exd4 21. Nce2 Ne5 22. Rf2 Ng4 23. Nxh5 Nxf2 24. Nxg7 Nxd1 25. Nh5 Nc3 26. Nxc3 dxc3 27. Bh6 Bf8 28. Bf4 Ra2 29. Ng3 c2 30. Rc1 cxb5 31. cxb5 Bd7 32. b6 Ba4 33. Bf1 Rb2 34. Bd3 Rb1 35. Kf2 Rxc1 36. Bxc1 1-0


[Site "https://www.chess.com"]